 Dungeon Crawl Stone Soup version 0.28.0-45-g0d030f2227 (webtiles) character file.

Game seed: 10646709485347264964

11576 MisterFreud the Slicer (level 11, -16/99 HPs)
             Began as a Ghoul Brigand on Mar 31, 2022.
             Was a Follower of Uskayaw.
             Demolished by a komodo dragon (21 damage)
             ... on level 12 of the Dungeon.
             The game lasted 00:19:45 (12364 turns).

MisterFreud the Slicer (Ghoul Brigand)             Turns: 12364, Time: 00:19:46

Health: -16/99     AC:  9    Str: 18    XL:     11   Next: 79%
Magic:  10/10      EV: 11    Int:  6    God:    Uskayaw [*.....]
Gold:   469        SH:  4    Dex: 18    Spells: 10/10 levels left

rFire   + . .      SeeInvis .   k - +6 rapier (freeze)
rCold   + . .      Faith    .   n - +0 buckler
rNeg    + + +      Spirit   .   g - +2 leather armour {rF+}
rPois   ∞          Reflect  .   (no helmet)
rElec   .          Harm     .   c - +0 cloak
rCorr   .          Rampage  .   G - +1 pair of gloves {hurl}
Will    .....                   (no boots)
Stlth   ++++......              (no amulet)
HPRegen 0.00/turn               q - +6 ring of dexterity
MPRegen 0.12/turn               h - +4 ring of slaying

@: inhibited regen, studying Short Blades
A: claws 1, cold resistance 1, negative energy resistance 3, inhibited
regeneration, torment resistance 2
a: Renounce Religion, Stomp


You were on level 12 of the Dungeon.
You worshipped Uskayaw.
Uskayaw was noncommittal.
You visited 1 branch of the dungeon, and saw 12 of its levels.
You also visited: Bailey.

You collected 562 gold pieces.
You spent 93 gold pieces at shops.

Inventory:

Hand Weapons
 a - a +2 dagger
 k - a +6 rapier of freezing (weapon)
Missiles
 d - 22 poisoned darts (quivered)
 e - 2 curare-tipped darts
Armour
 b - a +0 robe
 c - a +0 cloak (worn)
 f - a +0 pair of gloves
 g - a +2 leather armour of fire resistance (worn)
 n - a +0 buckler (worn)
 D - a scarf of repulsion
 G - a +1 pair of gloves of hurling (worn)
 L - a +2 kite shield
Jewellery
 h - a +4 ring of slaying (right hand)
 i - a ring of flight
 j - a ring of magical power
 q - a +6 ring of dexterity (left hand)
 s - the ring of Gissupes {rPois rN+ rCorr Str+3 Int+4}
   (You found it on level 3 of the Dungeon)

   [ring of resist corrosion]

   Str:       It affects your strength (+3).
   Int:       It affects your intelligence (+4).
   rPois:     It protects you from poison.
   rN:        It protects you from negative energy.
   rCorr:     It protects you from acid and corrosion.
 J - a +6 ring of intelligence
Wands
 E - a wand of iceblast (6)
 N - a wand of digging (7)
Scrolls
 l - a scroll of identify
 m - 4 scrolls of teleportation
 o - a scroll of fear
 p - 4 scrolls of fog
 u - a scroll of immolation {unknown}
 y - a scroll of vulnerability
 B - a scroll of amnesia {unknown}
 C - 3 scrolls of summoning
 F - 2 scrolls of magic mapping
 H - a scroll of enchant weapon {unknown}
 I - a scroll of brand weapon {unknown}
 K - a scroll of blinking {unknown}
 O - a scroll of enchant armour {unknown}
Potions
 r - 8 potions of curing
 t - a potion of attraction
 v - a potion of invisibility
 w - 2 potions of flight
 x - a potion of haste
 z - 2 potions of mutation
 A - a potion of might


   Skills:
 - Level 10.0 Fighting
 + Level 13.5 Short Blades
 - Level 1.7 Throwing
 + Level 6.4 Armour
 - Level 0.8 Dodging
 - Level 10.0 Stealth


You had 10 spell levels left.
You didn't know any spells.
Your spell library contained the following spells:

 Spells                   Type           Power      Damage    Failure   Level
 Portal Projectile        Hex/Tloc       0%         N/A       94%         3
 Excruciating Wounds      Necr           0%         N/A       100%        5
 Blade Hands              Tmut           Unusable   N/A       N/A         5

Dungeon Overview and Level Annotations

Branches:
Dungeon (12/15)            Temple (0/1) D:6            Lair (0/6) D:8
    Orc (0/2) D:9          Bailey (visited)

Altars:
Ashenzari
Uskayaw

Shops:
D:9 *   D:11 *

Annotations:
D:8 2 transporters
D:9 4 runed translucent doors


Innate Abilities, Weirdness & Mutations

You thrive by killing the living.
You are immune to poison.
You have sharp fingernails.
Your flesh is cold resistant. (rC+)
You are immune to negative energy. (rN+++)
You do not regenerate when monsters are visible.
You are immune to unholy pain and torment.


Message History

The cyclops shouts!
You see here 21 stones.
There is an open door here.
You hit the earth elemental.
The earth elemental is lightly damaged.
You hit the earth elemental but do no damage.
The earth elemental is lightly damaged.
You hit the earth elemental.
The earth elemental is moderately damaged.
You puncture the earth elemental!
The earth elemental is heavily damaged.
You block the earth elemental's attack.
You hit the earth elemental but do no damage.
The earth elemental is heavily damaged.
You barely miss the earth elemental.
The earth elemental is heavily damaged.
The earth elemental hits you!!
You hit the earth elemental.
The earth elemental is severely damaged.
You hit the earth elemental.
The earth elemental is severely damaged.
The cyclops throws a large rock.
The large rock closely misses you.
A komodo dragon comes into view.
Found a chain mail.
The komodo dragon hisses angrily.
The komodo dragon bites you!
* * * LOW HITPOINT WARNING * * *
Found a stone staircase leading down.
The komodo dragon completely misses you.
The komodo dragon barely misses you.
There is a stone staircase leading down here.
The komodo dragon bites you!
* * * LOW HITPOINT WARNING * * *
You climb downwards.
There is a stone staircase leading up here.
A two-headed ogre comes into view. It is wielding two +0 giant clubs.
The komodo dragon bites you.
* * * LOW HITPOINT WARNING * * *
The komodo dragon bites you!!
You die...

O## #...# .
#...#### .#
#..l#### ##.#
###.@..###..#
####......#
##..#..# #<.#
# #..# #..#
#..# ##.# .#


You could see a komodo dragon.

Vanquished Creatures
  Josephine (D:10)
  Harold (D:7)
  A two-headed ogre (D:11)
  Pikel (D:8)
  A deep elf pyromancer (D:7)
  An orc sorcerer (Bailey)
  4 centaur zombies
  A kobold demonologist (Bailey)
  2 trolls (D:10)
  A hornet (D:6)
  Prince Ribbit (D:7)
  2 wyverns
  5 wraiths (D:10)
  6 yaks
  A steam dragon (D:9)
  3 water moccasins
  A hornet zombie (D:8)
  2 ice beasts
  12 orc warriors
  4 sky beasts
  2 black bears (D:8)
  3 ogres
  2 centaurs
  A phantom (D:5)
  2 lemures (D:8)
  A gnoll sergeant (D:9)
  6 bullfrogs
  An earth elemental (D:11)
  A howler monkey (D:9)
  9 wights
  A bullfrog zombie (D:6)
  7 hounds
  5 orc priests
  A jelly (D:5)
  3 bullfrog skeletons
  3 iguanas
  9 orc wizards
  A killer bee zombie (D:7)
  A mummy (D:7)
  16 gnolls
  16 adders
  An ufetubus (D:5)
  3 worms
  3 dart slugs
  59 orcs
  4 bats
  3 endoplasms
  2 giant cockroaches (D:1)
  14 goblins
  10 hobgoblins
  5 kobolds
  3 quokkas
  13 ball pythons
  A frilled lizard (D:3)
  4 rats (D:1)
267 creatures vanquished.

Vanquished Creatures (others)
  16 fungi (D:8)
  17 plants (D:8)
33 creatures vanquished.

Grand Total: 300 creatures vanquished

Notes
Turn   | Place    | Note
-------+----------+-------------------------------------------
     0 | D:1      | MisterFreud the Ghoul Brigand began the quest for the Orb.
     0 | D:1      | Reached XP level 1. HP: 17/17 MP: 0/0
   142 | D:1      | Reached skill level 2 in Short Blades
   181 | D:1      | Reached XP level 2. HP: 24/24 MP: 1/1
   645 | D:1      | Found a faded altar of an unknown god.
   845 | D:2      | Reached skill level 5 in Stealth
   845 | D:2      | Reached XP level 3. HP: 27/29 MP: 2/2
   876 | D:2      | Reached skill level 3 in Short Blades
  1128 | D:2      | Reached XP level 4. HP: 11/36 MP: 3/3
  1592 | D:2      | You fall into a shaft and drop 2 floors!
  1602 | D:5      | Entered Level 5 of the Dungeon
  1710 | D:4      | Reached skill level 4 in Short Blades
  1743 | D:4      | Noticed a water moccasin
  1825 | D:4      | Reached XP level 5. HP: 37/41 MP: 4/4
  1957 | D:4      | Identified a scroll of acquirement
  1957 | D:4      | Acquired a +6 rapier of freezing
  1965 | D:4      | Killed a water moccasin
  1966 | D:4      | Reached skill level 5 in Short Blades
  1966 | D:4      | Reached XP level 6. HP: 8/51 MP: 5/5
  2923 | D:3      | Identified the ring of Gissupes {rPois rN+ rCorr Str+3
                  | Int+4}
  3489 | D:3      | Reached skill level 5 in Fighting
  3727 | D:4      | Reached XP level 7. HP: 61/61 MP: 6/6
  4335 | D:5      | Found a broken altar of Ashenzari.
  4335 | D:5      | Found a hide-covered altar of Uskayaw.
  4374 | D:5      | Became a worshipper of Uskayaw the Reveller
  4445 | D:5      | Reached * piety under Uskayaw
  4449 | D:5      | Reached ** piety under Uskayaw
  4452 | D:5      | Reached *** piety under Uskayaw
  4985 | D:5      | Reached XP level 8. HP: 69/70 MP: 7/7
  5289 | D:5      | Reached skill level 6 in Short Blades
  5893 | D:6      | Found a staircase to the Ecumenical Temple.
  5947 | D:6      | Noticed a hornet
  5957 | D:6      | Reached XP level 9. HP: 62/79 MP: 8/8
  5958 | D:6      | Killed a hornet
  5958 | D:6      | Reached **** piety under Uskayaw
  5959 | D:6      | Reached skill level 7 in Short Blades
  5961 | D:6      | Reached ***** piety under Uskayaw
  5980 | D:6      | Reached ****** piety under Uskayaw
  7161 | D:7      | Noticed Harold
  7184 | D:7      | Killed Harold
  7185 | D:7      | Reached skill level 8 in Short Blades
  7194 | D:7      | Reached XP level 10. HP: 33/91 MP: 9/9
  7201 | D:7      | Found a flagged portal.
  7207 | Bailey   | Entered a bailey
  7689 | Bailey   | Reached skill level 10 in Stealth
  7950 | Bailey   | Found an iron altar of Okawaru.
  7952 | Bailey   | Noticed a kobold demonologist
  7952 | Bailey   | Noticed an orc sorcerer
  7964 | Bailey   | Killed an orc sorcerer
  7973 | Bailey   | Killed a kobold demonologist
  7974 | Bailey   | Reached skill level 10 in Fighting
  7974 | Bailey   | Reached skill level 9 in Short Blades
  7993 | Bailey   | Identified the +1 halberd "Pyelym" {vorpal, Fragile Dex+8}
  8342 | D:7      | Noticed Prince Ribbit
  8396 | D:7      | Killed Prince Ribbit
  8399 | D:7      | Acquired a manual of Short Blades
  8826 | D:7      | Noticed a deep elf pyromancer
  8834 | D:7      | Killed a deep elf pyromancer
  8835 | D:7      | Reached skill level 10 in Short Blades
  8835 | D:7      | Reached skill level 1 in Armour
  9321 | D:8      | Found a transporter.
  9461 | D:8      | Found a staircase to the Lair.
  9617 | D:8      | Reached skill level 11 in Short Blades
  9662 | D:8      | Reached XP level 11. HP: 90/99 MP: 10/10
  9934 | D:8      | Noticed Pikel
  9949 | D:8      | Killed Pikel
 10022 | D:8      | Found a transporter.
 10023 | D:8      | Noticed a boulder beetle
 10222 | D:9      | Found a staircase to the Orcish Mines.
 10700 | D:9      | Found a runed translucent door.
 10715 | D:9      | Found a runed translucent door.
 10731 | D:9      | Reached skill level 12 in Short Blades
 10858 | D:9      | Found a runed translucent door.
 10874 | D:9      | Found a runed translucent door.
 10975 | D:9      | Found Vutorph's Assorted Antiques.
 10986 | D:9      | Bought a scroll labelled GIROQI KYAMM for 31 gold pieces
 10986 | D:9      | Bought a scroll labelled WARYICS VAURIO for 31 gold pieces
 10986 | D:9      | Bought a scroll labelled COBOAK COEDO for 31 gold pieces
 11436 | D:10     | Entered Level 10 of the Dungeon
 11471 | D:10     | Noticed Josephine
 11474 | D:10     | Reached skill level 5 in Armour
 11478 | D:10     | Killed Josephine
 11502 | D:10     | Reached skill level 13 in Short Blades
 12114 | D:11     | Noticed a two-headed ogre
 12117 | D:11     | Killed a two-headed ogre
 12296 | D:11     | Noticed a cyclops
 12306 | D:11     | Found Sisoe's Pet Rocks.
 12362 | D:12     | Noticed a two-headed ogre
 12364 | D:12     | Demolished by a komodo dragon

Illustrated notes

Levels and vault maps discovered:
D:1:      lightli_arrival_noodles, layout_rooms,
          hellmonk_ecumenical_altar_inner_sanctum, minmay_misc_feat_pillars,
          minmay_splitting_lines
D:2:      layout_basic, wad_orctagon
D:3:      layout_basic, minmay_snake_closets
D:4:      layout_basic, minmay_misc_feat_ornament, minmay_bisected
D:5:      layout_gridville, chequers_temple_overflow_statue_of_worship,
          kennysheep_boxes
D:6:      layout_loops_cross, minmay_temple_entry_drinking_statues
D:7:      layout_loops_ring, enter_bailey_4, gup_ossuary_entry_pyramid,
          uniq_harold, uniq_prince_ribbit1
D:8:      gammafunk_boulding_lane, layout_loops_ring,
          grunt_lair_entry_orc_guard_hut, uniq_pikel
D:9:      layout_roguey, orc_0_dummy, serial_shops, nicolae_stop_n_shop_2,
          minmay_statue_crystal_thing
D:10:     layout_roguey, uniq_josephine
D:11:     layout_irregular_city, fountainhead, guppyfry_shop_earth
D:12:     wad_cavern_with_rooms, layout_cave_pods,
          nicolae_ru_the_path_less_chosen, uniq_erolcha

Skill      XL: |  1  2  3  4  5  6  7  8  9 10 11 |
---------------+----------------------------------+-----
Short Blades   | 2 3 4 5 6 8 11 13 | 13.5
Stealth        | 5 6 7 9 10 | 10.0
Fighting       | 3 5 6 7 9 10 | 10.0
Armour         | 3 6 |  6.4
Throwing       | |  1.7
Dodging        | |  0.8

Action                   |  1- 3 |  4- 6 |  7- 9 | 10-12 || total
-------------------------+-------+-------+-------+-------++-------
Melee: Dagger            |    91 |    78 |       |       ||   169
       Punch             |     2 |       |       |       ||     2
       Rapier            |       |    67 |   188 |   324 ||   579
Throw: Dart              |       |     3 |       |       ||     3
  Use: Scroll            |       |     3 |     8 |     7 ||    18
       Potion            |       |     2 |     2 |       ||     4
 Stab: Sleeping          |    10 |    16 |     8 |    18 ||    52
       Distracted        |       |       |     1 |     2 ||     3
       Paralysed         |       |       |     5 |    16 ||    21
Armor: Robe              |    11 |    19 |     6 |       ||    36
       Leather armour    |       |       |    38 |    79 ||   117
Dodge: Dodged            |    34 |    59 |    62 |   113 ||   268
Block: Buckler           |       |    16 |    19 |    38 ||    73
